 Dungeon Crawl Stone Soup version 0.30.1-11-g7821555f0a (webtiles) character file.

Game seed: 2453085066528987184

11464 ChrisAssaf the Sneak (level 10, 0/73 HPs)
             Began as a Demonspawn Enchanter on Jan 3, 2024.
             Was a High Priest of Ru.
             Succumbed to a cane toad's poison
             ... on level 3 of the Lair of Beasts.
             The game lasted 00:57:54 (12329 turns).

ChrisAssaf the Sneak (Demonspawn Enchanter)        Turns: 12329, Time: 00:57:54

Health: 0/73       AC: 13    Str: 11    XL:     10   Next: 49%
Magic:  3/19       EV: 14    Int: 19    God:    Ru [*****.]
Gold:   154        SH:  0    Dex: 13    Spells: 5/21 levels left

rFire   + . .        v - +4 hand axe of the Teaching Salmon {flame, rElec rPois rCorr}
rCold   x . .        (no shield)
rNeg    . . .        t - +2 robe {Will+}
rPois   +            (no helmet)
rElec   +            (no cloak)
rCorr   +            q - +2 pair of gloves
SInv    .            (no boots)
Will    ++...        f - amulet of guardian spirit
Stlth   +++          k - ring of fire
HPRegen 0.32/turn    u - ring of willpower
MPRegen 0.16/turn

%: guardian spirit
@: lethally poisoned (0 -> -1), exhausted, sanguine armoured, studying Ice
Magic, unable to read
A: hooves 2, powered by death 2, inability to read after injury 2, inability to
use devices, inexperienced 1, sanguine armour 1, screaming 1, noise suppression
a: Renounce Religion, Draw Out Power, Power Leap, Apocalypse


You were on level 3 of the Lair of Beasts.
You worshipped Ru.
Ru was extremely pleased with you.
You visited 3 branches of the dungeon, and saw 13 of its levels.
You also visited: Sewer.

You collected 494 gold pieces.
You spent 340 gold pieces at shops.

Inventory:

Hand Weapons
 s - a +3 short sword of flaming
 v - the +4 hand axe of the Teaching Salmon (weapon) {flame, rElec rPois rCorr}
   (You found it on level 9 of the Dungeon)

   rElec:     It insulates you from electricity.
   rPois:     It protects you from poison.
   rCorr:     It protects you from acid and corrosion.
Missiles
 a - 11 poisoned darts (quivered)
 j - 6 atropa-tipped darts
 y - 4 boomerangs
Armour
 q - a +2 pair of gloves (worn)
 t - a +2 robe of willpower (worn)
Jewellery
 f - an amulet of guardian spirit (around neck)
 h - a ring of magical power
 k - a ring of fire (left hand)
 u - a ring of willpower (right hand)
Scrolls
 d - 4 scrolls of vulnerability
 e - 3 scrolls of identify
 g - a scroll of enchant armour
 i - 2 scrolls of magic mapping
 l - 2 scrolls of immolation
 r - 3 scrolls of fog
 x - a scroll of amnesia
Potions
 b - a potion of attraction
 c - a potion of mutation
 m - 3 potions of degeneration
 o - a potion of cancellation
 p - 2 potions of brilliance
 w - 4 potions of flight


   Skills:
 * Level 4.8 Fighting
 * Level 5.0 Short Blades
 * Level 3.1 Axes
 * Level 4.0 Throwing
 * Level 4.4 Armour
 * Level 5.7 Dodging
 * Level 6.8 Stealth
 * Level 6.0 Spellcasting
 * Level 3.1 Conjurations
 * Level 6.5 Hexes
 * Level 3.5 Necromancy
 * Level 1.5 Translocations
 * Level 6.3 Ice Magic
 * Level 2.7 Air Magic


You had 5 spell levels left.
You knew the following spells:

 Your Spells              Type           Power      Damage    Failure   Level
a - Ensorcelled Hibernat  Hex/Ice        60%        N/A       1%          2
b - Tukima's Dance        Hex            30%        N/A       2%          3
c - Confusing Touch       Hex            30%        N/A       2%          3
d - Dispel Undead         Necr           19%        3d11      26%         4
e - Static Discharge      Conj/Air       32%        2-4/arc   4%          2
f - Blink                 Tloc           22%        N/A       9%          2

Your spell library contained the following spells:

 Spells                   Type           Power      Damage    Failure   Level
 Kiss of Death            Conj/Necr      72%        2d10      2%          1
 Dazzling Flash           Conj/Hex       48%        N/A       4%          3
 Hailstorm                Conj/Ice       23%        3d7       4%          3
 Ice Form                 Ice/Tmut       17%        N/A       30%         4
 Airstrike                Air            8%         2d(2-18)  36%         4
 Silence                  Hex/Air        11%        N/A       41%         5
 Manifold Assault         Tloc           11%        N/A       52%         4
 Summon Lightning Spire   Summ/Air       10%        N/A       54%         4
 Agony                    Necr           19%        N/A       58%         5
 Simulacrum               Ice/Necr       12%        N/A       92%         6
 Storm Form               Tmut/Air       5%         N/A       100%        7


Dungeon Overview and Level Annotations

Branches:
Dungeon (9/15)             Temple (1/1) D:6            Lair (3/5) D:9
 Shoals (0/4) Lair:2        Snake (0/4) Lair:3        Sewer (visited)
    Orc: D:9-12

Altars:
Ashenzari
Cheibriados
Dithmenos
Fedhas
Gozag
Hepliaklqana
Kikubaaqudgha
Makhleb
Nemelex Xobeh
Okawaru
Ru
Trog
Uskayaw
Vehumet
Wu Jian
Xom
Yredelemnul

Shops:
D:8 [*

Annotations:
D:8 1 transporter


Innate Abilities, Weirdness & Mutations

You have hoof-like feet.
You regenerate health from kills.
You sometimes lose the ability to read scrolls when taking damage.
You cannot study or use magical devices.
You are somewhat inexperienced. (-1 XL)
When seriously injured, your blood forms armour. (AC +6)
You occasionally shout uncontrollably at your foes.
You passively dampen the noise of your surroundings.


Message History

The cane toad is almost dead.
The cane toad is stunned by your conviction and fails to attack.
You closely miss the cane toad.
The cane toad is almost dead.
The cane toad misses you.
You barely miss the cane toad.
The cane toad is almost dead.
The cane toad stings you!
* * * LOW HITPOINT WARNING * * *
You are lethally poisoned!
The cane toad poisons you!
You focus your inner power and blind the cane toad in retribution!
You hit the cane toad. You burn the cane toad. Your kick misses the cane toad.
The cane toad is almost dead.
* * * LOW HITPOINT WARNING * * *
You feel very sick. The cane toad misses you.
Unknown command.
You catch the helpless cane toad completely off-guard!
You hit the cane toad. You burn the cane toad.
You kill the cane toad!
You feel very sick.
You feel your dexterity returning.
Your Throwing skill increases to level 4!
You feel sick.
You feel sick.
You feel sick.
* * * LOW HITPOINT WARNING * * *
You feel sick.
* * * LOW HITPOINT WARNING * * *
You feel sick.
Okay, then.
Okay, then.
* * * LOW HITPOINT WARNING * * *
You feel sick.
* * * LOW HITPOINT WARNING * * *
You feel sick.
* * * LOW HITPOINT WARNING * * *
You feel sick.
You die...

#..........#.#
###.....#..
#...........## #........
P.........}## ##........
#...........#
####.........
#..........##
#####.#..........
#....#######
#.............#.. #....#
### #............###.
#....#
.###..##........<....##.
#.....
.......@.>..#.#.....##..
............##.[...#....
............###...###...
............# ....# ##..
#####....#.#####.... #..
#...#### ..... ### #....
#.... #.[... ##...#


There were no monsters in sight!

Vanquished Creatures
  A boulder beetle (Lair:1)
  A two-headed ogre (D:8)
  3 cane toads
  Maggie (D:6)
  A rime drake (Lair:3)
  A komodo dragon (Lair:2)
  An efreet (D:8)
  A troll (D:9)
  7 hornets
  Prince Ribbit (D:5)
  4 blink frogs (Lair:3)
  2 wyverns
  6 yaks (D:8)
  A naga (Lair:3)
  An acid dragon (D:9)
  7 water moccasins
  2 sky beasts
  An orc warrior (D:9)
  2 black bears
  Pargi (Sewer)
  5 wolves
  A lemure (D:6)
  4 centaurs
  A kobold brigand (D:7)
  3 bullfrogs (Lair:2)
  A gnoll sergeant (D:4)
  2 scorpions
  6 wights
  2 electric eels (D:9)
  2 howler monkeys (D:7)
  5 hounds
  3 jellies
  4 orc priests
  A sleepcap (D:5)
  A gnoll bouda (D:6)
  Jessica (D:3)
  An iguana (D:4)
  5 orc wizards
  13 gnolls
  10 adders
  2 ufetubi
  5 worms (D:2)
  3 dart slugs
  21 orcs
  5 bats
  4 endoplasms
  5 giant cockroaches
  2 goblins
  7 hobgoblins
  14 kobolds
  3 quokkas
  12 ball pythons
  10 frilled lizards
  6 rats
215 creatures vanquished.

Vanquished Creatures (collateral kills)
  Pikel (D:6)
  An orc warrior (D:9)
  A gnoll (D:5)
  An orc (D:9)
  A goblin (D:4)
  A kobold (D:2)
6 creatures vanquished.

Vanquished Creatures (others)
  A troll (D:9)
  5 dancing weapons
  A steam dragon (D:9)
  A naga (Lair:3)
  A wight (D:9)
  2 hounds (D:9)
  A gnoll (D:7)
  An orc (D:9)
13 creatures vanquished.

Grand Total: 234 creatures vanquished

Notes
Turn   | Place    | Note
-------+----------+-------------------------------------------
     0 | D:1      | ChrisAssaf the Demonspawn Enchanter began the quest for the
                  | Orb.
     0 | D:1      | Reached XP level 1. HP: 13/13 MP: 3/3
     6 | D:1      | Noticed a snapping turtle
     6 | D:1      | Noticed a swamp worm
     7 | D:1      | Noticed a water moccasin
     7 | D:1      | Noticed a hound
    86 | D:1      | Reached skill level 1 in Short Blades
   167 | D:1      | Gained mutation: You regenerate a little health from kills.
                  | [demonic ancestry]
   167 | D:1      | Reached XP level 2. HP: 18/19 MP: 5/5
   170 | D:1      | Learned a level 2 spell: Ensorcelled Hibernation
   600 | D:2      | Reached XP level 3. HP: 25/25 MP: 0/6
   604 | D:2      | Learned a level 3 spell: Tukima's Dance
   991 | D:3      | Reached skill level 1 in Ice Magic
   991 | D:3      | Reached XP level 4. HP: 21/31 MP: 0/7
  1691 | D:4      | Found a shimmering altar of Xom.
  1808 | D:4      | Gained mutation: You have large cloven feet. [demonic
                  | ancestry]
  1808 | D:4      | Reached XP level 5. HP: 36/36 MP: 1/8
  1813 | D:4      | Gained mutation: Your magical capacity is low. (-10% MP)
                  | [potion of mutation]
  1814 | D:4      | Lost mutation: Your magical capacity is low. (-10% MP)
                  | [potion of mutation]
  1814 | D:4      | Gained mutation: You are dopey. (Int -2) [potion of
                  | mutation]
  1814 | D:4      | Gained mutation: You are robust. (+10% HP) [potion of
                  | mutation]
  1815 | D:4      | Lost mutation: You are robust. (+10% HP) [potion of
                  | mutation]
  1815 | D:4      | Lost mutation: You are dopey. (Int -2) [potion of mutation]
  1815 | D:4      | Gained mutation: Your body sometimes deteriorates upon
                  | taking damage. [potion of mutation]
  1815 | D:4      | Gained mutation: You passively map a small area around you.
                  | [potion of mutation]
  1815 | D:4      | Gained mutation: You are occasionally teleported next to
                  | monsters. [potion of mutation]
  1836 | D:5      | Entered Level 5 of the Dungeon
  1838 | D:5      | Reached skill level 1 in Armour
  1852 | D:4      | Reached skill level 1 in Fighting
  1965 | D:5      | Learned a level 3 spell: Confusing Touch
  1979 | D:5      | Noticed a black bear
  1999 | D:5      | Killed a black bear
  2000 | D:5      | Reached skill level 1 in Evocations
  2000 | D:5      | Gained mutation: You regenerate health from kills. [demonic
                  | ancestry]
  2000 | D:5      | Reached XP level 6. HP: 38/43 MP: 1/10
  2079 | D:5      | Noticed a water moccasin
  2091 | D:5      | Killed a water moccasin
  2116 | D:5      | Noticed a water moccasin
  2129 | D:5      | Killed a water moccasin
  2130 | D:5      | Gained mutation: You have hoof-like feet. [demonic
                  | ancestry]
  2130 | D:5      | Reached XP level 7. HP: 32/48 MP: 4/11
  2239 | D:6      | Noticed Pikel
  2258 | D:6      | Killed Pikel
  2259 | D:6      | Reached skill level 1 in Throwing
  2259 | D:6      | Reached XP level 8. HP: 18/56 MP: 2/13
  2446 | D:6      | Found a shadowy altar of Dithmenos.
  2449 | D:6      | Found a hazy altar of Hepliaklqana.
  2457 | D:6      | Noticed Maggie
  2490 | D:6      | Killed Maggie
  2491 | D:6      | Reached skill level 5 in Stealth
  2517 | D:6      | Found a glowing drain.
  2556 | Sewer    | Entered a sewer
  2657 | Sewer    | Noticed Pargi
  2662 | Sewer    | Killed Pargi
  2849 | D:6      | Found an ornate altar of the Wu Jian Council.
  3191 | D:6      | Found a staircase to the Ecumenical Temple.
  3201 | Temple   | Entered the Ecumenical Temple
  3267 | Temple   | Became a worshipper of Ru the Awakened
  3834 | D:5      | Noticed Prince Ribbit
  3851 | D:5      | Killed Prince Ribbit
  3940 | D:5      | Reached skill level 5 in Hexes
  3940 | D:5      | Reached XP level 9. HP: 62/62 MP: 12/15
  4459 | D:3      | Noticed Jessica
  4463 | D:3      | Killed Jessica
  4546 | D:3      | Found a radiant altar of Vehumet.
  4547 | D:3      | Found a burning altar of Makhleb.
  4547 | D:3      | Found a hide-covered altar of Uskayaw.
  4549 | D:3      | Found an iron altar of Okawaru.
  4665 | D:3      | Found a snail-covered altar of Cheibriados.
  4716 | D:3      | Gained mutation: You cannot study or use magical devices.
                  | [Ru sacrifice]
  4716 | D:3      | Reached * piety under Ru
  4716 | D:3      | Reached ** piety under Ru
  6306 | D:7      | Learned a level 4 spell: Dispel Undead
  6939 | D:7      | Learned a level 2 spell: Static Discharge
  7049 | D:8      | Noticed an efreet
  7069 | D:8      | Found Jijoneck's Antique Armour Emporium.
  7217 | D:8      | Killed an efreet
  7218 | D:8      | Reached skill level 5 in Spellcasting
  7218 | D:8      | Reached skill level 1 in Necromancy
  7282 | D:8      | Reached skill level 1 in Conjurations
  7290 | D:8      | Reached skill level 1 in Air Magic
  7308 | D:8      | Reached skill level 5 in Ice Magic
  7333 | D:8      | Gained mutation: When seriously injured, your blood forms
                  | armour. (AC +6) [demonic ancestry]
  7333 | D:8      | Reached XP level 10. HP: 31/71 MP: 10/17
  7459 | D:8      | Gained mutation: You are somewhat inexperienced. (-1 XL)
                  | [Ru sacrifice]
  7459 | D:8      | Reached XP level 9. HP: 65/65 MP: 16/16
  7459 | D:8      | Reached *** piety under Ru
  7459 | D:8      | Reached **** piety under Ru
  7486 | D:8      | Found Wull's Island Escapes.
  7531 | D:8      | Found a transporter.
  7532 | D:8      | Noticed a tengu warrior
  7532 | D:8      | Noticed a harpy
  7534 | D:8      | Noticed a brown ugly thing
  7534 | D:8      | Noticed an eight-headed hydra
  7887 | D:8      | Noticed a sea snake
  7888 | D:8      | Found a transporter.
  8339 | D:8      | Noticed a two-headed ogre
  8359 | D:8      | Killed a two-headed ogre
  8786 | D:8      | Bought a scroll of teleportation for 30 gold pieces
  8786 | D:8      | Bought a potion of invisibility for 80 gold pieces
  8786 | D:8      | Bought a scroll of teleportation for 30 gold pieces
  8786 | D:8      | Bought a potion of invisibility for 80 gold pieces
  8786 | D:8      | Bought a potion of invisibility for 80 gold pieces
  8786 | D:8      | Bought a scroll of fog for 40 gold pieces
  8846 | D:8      | Noticed a swamp dragon
  8847 | D:8      | a swamp dragon changed into a fire crab
  8847 | D:8      | Noticed a fire crab (shapeshifter)
  8850 | D:8      | a fire crab changed into a black mamba
  8850 | D:8      | Noticed a black mamba (shapeshifter)
  8856 | D:8      | a black mamba changed into a spriggan
  8874 | D:8      | a tarantella changed into a salamander
  8874 | D:8      | Noticed a salamander (shapeshifter)
  8875 | D:8      | a salamander changed into a manticore
  8875 | D:8      | Noticed a manticore (shapeshifter)
  8889 | D:8      | a manticore changed into a salamander
  8889 | D:8      | Noticed a salamander (shapeshifter)
  8890 | D:8      | a salamander changed into a mana viper
  8890 | D:8      | Noticed a mana viper (shapeshifter)
  8891 | D:8      | a mana viper changed into a merfolk
  8895 | D:8      | a merfolk changed into a glowing orange brain
  8895 | D:8      | Noticed a glowing orange brain (shapeshifter)
  8903 | D:8      | a glowing orange brain changed into a skyshark
  8903 | D:8      | Noticed a skyshark (shapeshifter)
  8909 | D:8      | a skyshark changed into a swamp worm
  8918 | D:8      | Identified the staff of poison "Favuibbe" {Contam rPois
                  | MP+9 Str+3 SInv}
  8950 | D:8      | a swamp worm changed into a shining eye
  8950 | D:8      | Noticed a shining eye (shapeshifter)
  8951 | D:8      | a shining eye changed into a sea snake
  8951 | D:8      | Noticed a sea snake (shapeshifter)
  8964 | D:8      | a sea snake changed into an anaconda
  8964 | D:8      | Noticed an anaconda (shapeshifter)
  8997 | D:8      | an anaconda changed into a deep troll
  8997 | D:8      | Noticed a deep troll (shapeshifter)
  9000 | D:8      | a deep troll changed into a snapping turtle
  9192 | D:9      | HP: 3/65 [wyvern (6)]
  9193 | D:9      | Found a staircase to the Lair.
  9299 | D:9      | Identified the +4 hand axe of the Teaching Salmon {flame,
                  | rElec rPois rCorr}
 10037 | D:9      | Reached skill level 1 in Axes
 10539 | Lair:1   | Entered Level 1 of the Lair of Beasts
 10551 | Lair:1   | Identified the +0 scale mail "Qausacrumn" {rF+ rN+++ MP-9
                  | Int+3}
 10564 | Lair:1   | Learned a level 2 spell: Blink
 10611 | Lair:1   | Noticed a cane toad
 10635 | Lair:1   | Killed a cane toad
 10636 | Lair:1   | Reached skill level 5 in Dodging
 10805 | Lair:1   | Noticed a cane toad
 10811 | Lair:1   | Killed a cane toad
 10944 | Lair:1   | Noticed a boulder beetle
 10995 | Lair:1   | Killed a boulder beetle
 10996 | Lair:1   | Reached XP level 10. HP: 28/72 MP: 4/18
 11052 | Lair:1   | Paralysed by a hornet for 3 turns
 11056 | Lair:1   | Reached skill level 1 in Translocations
 11164 | Lair:1   | Paralysed by a hornet for 2 turns
 11498 | Lair:2   | Lost mutation: Your body sometimes deteriorates upon taking
                  | damage. [potion of mutation]
 11498 | Lair:2   | Lost mutation: You are occasionally teleported next to
                  | monsters. [potion of mutation]
 11498 | Lair:2   | Lost mutation: You passively map a small area around you.
                  | [potion of mutation]
 11498 | Lair:2   | Gained mutation: You occasionally shout uncontrollably at
                  | your foes. [potion of mutation]
 11498 | Lair:2   | Gained mutation: You passively dampen the noise of your
                  | surroundings. [potion of mutation]
 11645 | Lair:3   | Found a staircase to the Snake Pit.
 11837 | Lair:3   | Gained mutation: You occasionally lose the ability to read
                  | scrolls when taking damage. [Ru sacrifice]
 11837 | Lair:3   | Gained mutation: You sometimes lose the ability to read
                  | scrolls when taking damage. [Ru sacrifice]
 11837 | Lair:3   | Reached ***** piety under Ru
 11843 | Lair:3   | HP: 2/73 [blink frog (7)]
 11845 | Lair:3   | Reached skill level 5 in Short Blades
 12324 | Lair:3   | HP: 3/73 [poisoned by a cane toad]
 12327 | Lair:3   | HP: 1/73 [poisoned by a cane toad]
 12329 | Lair:3   | Succumbed to a cane toad's poison

Illustrated notes

Levels and vault maps discovered:
D:1:      onia_arrival_zoo_common, layout_rooms
D:2:      layout_basic, corexii_leaking_fountain
D:3:      layout_loops_corners, grunt_temple_overflow_open,
          mainiacjoe_overflow_tiny_flanked, uniq_jessica
D:4:      layout_basic, mainiacjoe_overflow_catwalk_spiral
D:5:      layout_loops_ring, uniq_prince_ribbit1
D:6:      layout_loops_ring, riverfiend_overflow_shadow_ancestor,
          nzn_wu_jian_contemplation, minmay_temple_entry_poolview,
          portal_sewer_entry_a, uniq_maggie, uniq_pikel
D:7:      layout_rooms
D:8:      gammafunk_sealed_arena, layout_loops_ring, nicolae_stop_n_shop_1,
          kennysheep_nondescript, chequers_hall_statues_corner_a,
          nicolae_island_escapes
D:9:      layout_basic, erik_lair_island, lemuel_flamethrower_2
Temple:   nicolae_temple_bog_church
Lair:1:   layout_gridlike, dreamdust_wasp_nest, grunt_megastairs_1,
          lemuel_fruit_fields
Lair:2:   layout_loops_ring, nicolae_shoals_entry_roost, serial_bayou_shore_a,
          infiniplex_staircase_pool
Lair:3:   layout_cellular_growth, guppyfry_snake_entry_garden, uniq_amaemon

Skill      XL: |  1  2  3  4  5  6  7  8  9 10 |
---------------+-------------------------------+-----
Short Blades   | 1 2 3 4 5 |  5.0
Stealth        | 3 4 5 6 |  6.8
Dodging        | 2 3 5 |  5.7
Ice Magic      | 1 2 3 4 5 6 |  6.3
Armour         | 1 2 4 |  4.4
Fighting       | 1 2 4 |  4.8
Spellcasting   | 3 4 5 6 |  6.0
Evocations     | 1 2 0 |  0.0
Hexes          | 4 5 6 |  6.5
Throwing       | 1 2 3 4 |  4.0
Necromancy     | 3 |  3.5
Conjurations   | 2 3 |  3.1
Air Magic      | 2 |  2.7
Axes           | 1 3 |  3.1
Translocations | 1 |  1.5

Action                     |  1- 3 |  4- 6 |  7- 9 | 10-12 || total
---------------------------+-------+-------+-------+-------++-------
  Melee: Dagger            |   124 |    57 |   147 |       ||   328
         Punch             |     1 |     1 |     6 |     1 ||     9
         Kick              |       |     3 |   153 |    28 ||   184
         Short sword       |       |       |   196 |       ||   196
         Hand axe          |       |       |   134 |   144 ||   278
  Throw: Dart              |       |       |     9 |     9 ||    18
         Javelin           |       |       |     5 |       ||     5
   Cast: Ensorcelled Hiber |    19 |    14 |    56 |     1 ||    90
         Tukima's Dance    |       |     5 |    36 |       ||    41
         Blink             |       |       |     1 |     3 ||     4
         Static Discharge  |       |       |     1 |       ||     1
 Invoke: Power Leap        |       |       |    15 |     7 ||    22
         Sacrifice Artific |       |       |     1 |       ||     1
         Sacrifice Experie |       |       |     1 |       ||     1
         Draw Out Power    |       |       |       |     1 ||     1
         Sacrifice Words   |       |       |       |     1 ||     1
  Evoke: Wand              |       |     6 |     7 |       ||    13
    Use: Scroll            |     4 |     6 |    22 |     3 ||    35
         Potion            |     3 |     4 |    17 |     3 ||    27
   Stab: Sleeping          |     9 |    11 |    46 |     1 ||    67
         Invisible         |     3 |       |     1 |     4 ||     8
         Paralysed         |       |       |     4 |       ||     4
 Armour: Robe              |    28 |    10 |   181 |    59 ||   278
  Dodge: Dodged            |    69 |    54 |   452 |   121 ||   696
